 Dungeon Sprint DCSS version 0.30.1-11-g7821555f0a (webtiles) character file.

Game seed: 1517305118341880032

623 Groucho the Destroyer (level 7, -13/41 HPs)
             Began as a Tengu Conjurer on Jan 7, 2024.
             Was a High Priest of Sif Muna.
             Mangled by a boulder beetle (31 damage)
             ... in the Dungeon (Sprint VII: "The Pits").
             The game lasted 00:07:29 (3554 turns).

Groucho the Destroyer (Tengu Conjurer)              Turns: 3554, Time: 00:07:29

Health: -13/41     AC:  2    Str:  7    XL:     7   Next: 47%
Magic:  12/16      EV: 17    Int: 20    God:    Sif Muna [*****.]
Gold:   0          SH:  0    Dex: 13    Spells: 2/17 levels left

rFire   . . .        h - +2 trident
rCold   . . .        (no shield)
rNeg    . . .        a - +0 robe
rPois   .            (helmet restricted)
rElec   .            (no cloak)
rCorr   .            (no gloves)
SInv    .            (boots unavailable)
Will    .....        (no amulet)
Stlth   +++          (no ring)
HPRegen 0.26/turn    (no ring)
MPRegen 0.15/turn

%: no teleportation
@: flying quickly and evasively, quick
A: beak, talons 3, nimble flight
a: Renounce Religion, Channel Magic, Forget Spell, Divine Exegesis


You were in the Dungeon.
You worshipped Sif Muna.
Sif Muna was extremely pleased with you.
You visited 1 branch

Inventory:

Hand Weapons
 h - a +2 trident (weapon)
Armour
 a - a +0 robe (worn)
Scrolls
 j - 5 scrolls of amnesia
Potions
 c - 5 potions of curing
 f - 3 potions of berserk rage
 i - 2 potions of invisibility


   Skills:
 + Level 3.6 Fighting
 + Level 6.6 Polearms
 + Level 4.3 Armour
 + Level 7.0 Dodging
 + Level 7.0 Stealth
 + Level 5.9 Spellcasting
 + Level 9.6 Conjurations
 + Level 3.9 Translocations
 + Level 0.0 Invocations


You had 2 spell levels left.
You knew the following spells:

 Your Spells              Type           Power      Damage    Failure   Level
a - Magic Dart            Conj           100%       1d8       1%          1
b - Searing Ray           Conj           88%        2d7       1%          2
c - Dazzling Flash        Conj/Hex       50%        N/A       4%          3
d - Iskenderun's Mystic   Conj/Tloc      33%        2d8       6%          4
e - Iskenderun's Battles  Conj           44%        2d10      5%          5

Your spell library contained the following spells:

 Spells                   Type           Power      Damage    Failure   Level
 Hailstorm                Conj/Ice       25%        3d7       4%          3
 Fulminant Prism          Conj/Hex       12%        3d8       14%         4
 Orb of Destruction       Conj           22%        9d8       86%         7


Dungeon Overview and Level Annotations

Branches:
Dungeon (1/1)

Altars:
Ashenzari
Cheibriados
Dithmenos
Elyvilon
Fedhas
Gozag
Hepliaklqana
Kikubaaqudgha
Makhleb
Nemelex Xobeh
Okawaru
Qazlal
Ru
Sif Muna
Trog
Uskayaw
Vehumet
Wu Jian
Xom
Yredelemnul
Zin
The Shining One
Jiyva
Lugonu


Innate Abilities, Weirdness & Mutations

You have a beak for a mouth.
You have claws for feet.
Your magical nature lets you fly swiftly and evasively.


Message History

Casting: Searing Ray (safe; 1% risk of failure)
Confirm with . or Enter, or press ? or * to list all spells.
Aiming: Searing Ray (safe; 1% risk of failure)
Press: ? - help, Shift-Dir - straight line, f/p - boulder beetle
Aim: a boulder beetle (almost dead, 100% to hit)
The searing ray hits the boulder beetle but does no damage.
The boulder beetle is almost dead. (Press . to maintain the ray.) Unknown command.
Unknown command.
Magic courses through your body.
Unknown command.
Unknown command.
Unknown command.
The boulder beetle leaps!
Unknown command.
Unknown command.
You start resting.
A boulder beetle is nearby!
Casting: Searing Ray (safe; 1% risk of failure)
Confirm with . or Enter, or press ? or * to list all spells.
Aiming: Searing Ray (safe; 1% risk of failure)
Press: ? - help, Shift-Dir - straight line, f/p - boulder beetle
Aim: a boulder beetle (severely wounded, 100% to hit)
The searing ray hits the boulder beetle.
The boulder beetle is severely wounded. (Press . to maintain the ray.)
The boulder beetle curls into a ball and begins rolling!
Unknown command.
Unknown command.
The searing ray hits the boulder beetle but does no damage.
The boulder beetle is severely wounded.
Unknown command.
Unknown command.
Unknown command.
The searing ray hits the boulder beetle.
The boulder beetle is almost dead.
The boulder beetle hits you!!
Ouch! That really hurt!
You die...

#.#........##.......#
#'###########.......#
#..#.#.##.. #########
#.......#)# ####
##.#.#.##.#..÷.#
#.......#'#....#
##.#.#.##.°....+
#.......#B#
##.#.#..'@#
##########


You could see a boulder beetle (rolling).

Vanquished Creatures
  A redback (D)
  A floating eye (D)
  An ice beast (D)
  An ogre (D)
  A wolf (D)
  A scorpion (D)
  A quasit (D)
  A jelly (D)
  An adder (D)
  An orc (D)
  A bat (D)
  An endoplasm (D)
  A goblin (D)
  A hobgoblin (D)
  6 jackals (D)
  A ball python (D)
  A frilled lizard (D)
  A giant cockroach zombie (D)
  2 rats (D)
25 creatures vanquished.

Notes
Turn   | Place    | Note
-------+----------+-------------------------------------------
     0 | D        | Groucho the Tengu Conjurer began the quest for the Orb.
     0 | D        | Reached XP level 1. HP: 10/10 MP: 4/4
     9 | D        | Noticed a scorpion
    16 | D        | Killed a scorpion
    17 | D        | Reached skill level 6 in Conjurations
    17 | D        | Reached XP level 2. HP: 11/15 MP: 2/7
    17 | D        | Reached XP level 3. HP: 14/19 MP: 2/9
   348 | D        | Learned a level 2 spell: Searing Ray
   352 | D        | Learned a level 3 spell: Dazzling Flash
   381 | D        | Found a glowing golden altar of the Shining One.
   381 | D        | Found a glowing silver altar of Zin.
   381 | D        | Found a basalt altar of Yredelemnul.
   381 | D        | Found a shimmering altar of Xom.
   381 | D        | Found an ornate altar of the Wu Jian Council.
   381 | D        | Found a bloodstained altar of Trog.
   381 | D        | Found a shimmering blue altar of Sif Muna.
   381 | D        | Found a sacrificial altar of Ru.
   381 | D        | Found a stormy altar of Qazlal.
   381 | D        | Found an iron altar of Okawaru.
   381 | D        | Found a sparkling altar of Nemelex Xobeh.
   381 | D        | Found a burning altar of Makhleb.
   381 | D        | Found a viscous altar of Jiyva.
   381 | D        | Found a hazy altar of Hepliaklqana.
   381 | D        | Found an opulent altar of Gozag.
   381 | D        | Found a blossoming altar of Fedhas.
   381 | D        | Found a white marble altar of Elyvilon.
   381 | D        | Found a shadowy altar of Dithmenos.
   381 | D        | Found a snail-covered altar of Cheibriados.
   382 | D        | Found a radiant altar of Vehumet.
   382 | D        | Found a corrupted altar of Lugonu.
   383 | D        | Found an ancient bone altar of Kikubaaqudgha.
   383 | D        | Found a hide-covered altar of Uskayaw.
   383 | D        | Found a broken altar of Ashenzari.
   384 | D        | Became a worshipper of Sif Muna the Loreminder
   396 | D        | Reached XP level 4. HP: 24/24 MP: 10/10
   399 | D        | Reached * piety under Sif Muna
   621 | D        | Reached ** piety under Sif Muna
   638 | D        | Reached skill level 7 in Conjurations
   638 | D        | Reached *** piety under Sif Muna
  1054 | D        | Learned a level 4 spell: Iskenderun's Mystic Blast
  1327 | D        | Noticed a wolf
  1342 | D        | Killed a wolf
  1343 | D        | Reached skill level 5 in Dodging
  1343 | D        | Reached skill level 5 in Stealth
  1343 | D        | Reached skill level 1 in Translocations
  1343 | D        | Gained mutation: Your magical nature lets you fly swiftly
                  | and evasively. [Tengu growth]
  1343 | D        | Reached XP level 5. HP: 17/28 MP: 5/12
  1353 | D        | Reached **** piety under Sif Muna
  1354 | D        | Reached skill level 8 in Conjurations
  1732 | D        | Reached skill level 5 in Polearms
  1733 | D        | Noticed a floating eye
  1738 | D        | Killed a floating eye
  1739 | D        | Reached skill level 1 in Fighting
  1739 | D        | Reached skill level 5 in Spellcasting
  1739 | D        | Reached XP level 6. HP: 35/35 MP: 8/14
  2076 | D        | Noticed an ice beast
  2092 | D        | Killed an ice beast
  2093 | D        | Reached skill level 9 in Conjurations
  2553 | D        | Noticed a redback
  2557 | D        | Killed a redback
  2558 | D        | Reached XP level 7. HP: 26/41 MP: 10/16
  2820 | D        | Reached ***** piety under Sif Muna
  2822 | D        | Received a gift from Sif Muna
  2823 | D        | Got Jacaism Huze's Octavo of Outbursts {god gift}
  2830 | D        | Learned a level 5 spell: Iskenderun's Battlesphere
  3166 | D        | Noticed a boulder beetle
  3554 | D        | Mangled by a boulder beetle

Illustrated notes

Levels and vault maps discovered:
D:        pitsprint [storerooms_1, entrance_room_1, metal_vault_2, armoury_3,
          mini_pit_1, grid_room_1, main_hall_1, silver_pit, the_coven_1,
          the_vestibule_1, steel_vault_1, golden_pit, hallway_of_sentries,
          crystal_vault_1, iron_vault_1, final_vault]

Skill      XL: |  1  2  3  4  5  6  7 |
---------------+----------------------+-----
Polearms       | 3 4 5 6 |  6.6
Dodging        | 4 5 6 7 |  7.0
Stealth        | 4 5 6 7 |  7.0
Spellcasting   | 3 4 5 |  5.9
Conjurations   | 6 7 8 9 |  9.6
Translocations | 1 2 3 |  3.9
Fighting       | 1 3 |  3.6
Armour         | 2 3 4 |  4.3

Action                     |  1- 3 |  4- 6 |  7- 9 || total
---------------------------+-------+-------+-------++-------
  Melee: Trident           |     2 |       |       ||     2
   Cast: Magic Dart        |     6 |    47 |     5 ||    58
         Searing Ray       |       |     4 |    11 ||    15
         Iskenderun's Batt |       |       |     2 ||     2
         Dazzling Flash    |       |       |     2 ||     2
    Use: Potion            |     1 |     4 |     8 ||    13
         Scroll            |       |     1 |     1 ||     2
   Stab: Sleeping          |     1 |       |       ||     1
 Armour: Robe              |       |     6 |     1 ||     7
  Dodge: Dodged            |     6 |    26 |    11 ||    43
